AoeStats
← Girthagoras

Four Lakes

509008571Analyzed
1v1 RM · 8d ago on Sep 25, 2026· 27m 6s· 2 players
Game mode
Random Map
Map size
Tiny (2 player)
Population
200
Speed
Normal
Resources
Standard
Victory
Conquest
Starting age
Dark Age
Ending age
Imperial Age
RankedLock teamsTeams togetherTeam positionsShared explorationLock speedFull tech treeHidden civsTurbo modeCheats
Victory
Defeat
🇺🇸 Saxons · United States
902
+18
🇹🇼 Danes · Taiwan
940
-18
Girthagoras
3:20 Loom
11:31 Feudal Age
15:06 Man-at-Arms
19:49 Castle Age
20:14 Fletching
20:25 Padded Archer Armor
20:25 Crossbowman
21:43 Bodkin Arrow
22:22 Thumb Ring
25:11 Double-Bit Axe
25:12 Horse Collar
wwwhaha7760662
0:28 Loom
10:33 Feudal Age
11:31 Double-Bit Axe
11:25 Man-at-Arms
13:27 Fishing Lines
14:54 Arson
22:42 Castle Age
21:52 Scale Mail Armor
23:27 Forging
23:28 Squires
22:51 Long Swordsman
23:17 Gambesons
23:50 Chain Mail Armor
25:02 Bow Saw
27:05 Gillnets
Connection lost

Rejoining the realm…

Still unreachable

The connection could not be restored.

Session expired

The server has moved on; the page needs a fresh start.